Map: Orbital Shipyard

Players

SpaceMarine - Winner!

  • Race: Protoss Protoss
  • League: Grandmaster

wallfacer (ZhuGeLiang)

  • Race: Zerg Zerg
  • League: Master

Event: DreamHack ZOWIE Open Leipzig

VOD

Have the link to the VOD?

Description

Time

  • Played on: Jan. 22, 2016, 7:48 a.m.
  • Length: 9:07

All games in this series

Show
View Real Time Build Order
Export as new Build Order

SpaceMarine Protoss - Winner!

Build Orders: 1 Gate Expand 

Get SALT Encoding   

  12  0:01  Probe (Chrono Boost)  
  13  0:11  Probe (Chrono Boost)  
  14  0:17  Pylon  
  14  0:22  Probe (Chrono Boost)  
  15  0:36  Probe (Chrono Boost), Gateway  
  15  0:42  Assimilator  
  16  0:46  Probe (Chrono Boost)  
  18  0:57  Probe (Chrono Boost)  
  18  1:07  Probe (Chrono Boost)  
  19  1:18  Probe (Chrono Boost)  
  20  1:22  Nexus  
  20  1:32  Cybernetics Core  
  20  1:34  Probe (Chrono Boost)  
  21  1:40  Assimilator  
  21  1:45  Probe (Chrono Boost)  
  22  1:50  Pylon  
  22  1:55  Probe (Chrono Boost)  
  23  2:04  Warp Gate  
  23  2:08  Probe (Chrono Boost)  
  24  2:09  Adept (Chrono Boost)  
  26  2:20  Probe  
  27  2:26  Robotics Facility  
  27  2:32  Probe  
  27  2:33  Adept (Chrono Boost)  
  27  2:35  Probe  
  31  2:44  Probe (Chrono Boost)  
  32  2:47  Probe (Chrono Boost)  
  33  2:56  Probe (Chrono Boost)  
  34  2:59  Probe (Chrono Boost)  
  34  3:02  Gateway x2  
  35  3:07  Probe (Chrono Boost)  
  35  3:09  Probe (Chrono Boost)  
  37  3:17  Probe (Chrono Boost), Warp Prism (Chrono Boost)  
  40  3:21  Probe  
  40  3:26  Pylon  
  41  3:29  Probe  
  41  3:33  Probe  
  43  3:41  Probe  
  44  3:45  Probe  
  43  3:56  Probe  
  43  3:57  Probe  
  43  4:00  Assimilator x2  
  43  4:01  Observer (Chrono Boost)  
  44  4:07  Twilight Council  
  44  4:08  Mothership Core  
  44  4:09  Probe, Forge  
  47  4:10  Adept x3  
  47  4:14  Pylon  
  53  4:21  Probe  
  54  4:33  Immortal (Chrono Boost), Zealot  
  54  4:36  Zealot  
  62  4:39  Blink  
  62  4:49  Nexus  
  62  4:52  Protoss Ground Weapons Level 1 (Chrono Boost)  
  61  4:56  Probe  
  62  5:07  Pylon  
  62  5:12  Probe  
  61  5:21  Probe  
  62  5:23  Immortal  
  62  5:24  Probe  
  59  5:29  Sentry x3  
  59  5:33  Probe  
  66  5:37  Probe  
  66  5:42  Gateway  
  67  5:43  Gateway  
  67  5:44  Gateway  
  67  5:45  Probe  
  67  5:49  Probe  
  69  5:50  Gateway  
  69  5:57  Probe, Pylon  
  69  5:59  Probe  
  69  6:01  Probe  
  69  6:02  Immortal  
  76  6:09  Stalker x3, Probe  
  83  6:12  Probe  
  83  6:13  Probe  
  85  6:21  Probe  
  85  6:24  Probe, Pylon x2  
  87  6:26  Gateway  
  87  6:31  Probe  
  88  6:33  Probe  
  88  6:34  Stalker x2  
  93  6:43  Pylon  
  93  6:53  Stalker x5  
  103  6:56  Pylon  
  103  6:57  Pylon  
  103  7:13  Stalker x2  
  107  7:22  Stalker x4  
  115  7:28  Zealot x2  
  119  7:37  Zealot x2  
  116  7:53  Zealot x5  
  116  7:54  Zealot  
  116  7:55  Immortal  
  122  7:58  Robotics Bay  
  122  7:59  Robotics Facility  
  118  8:18  Stalker x6  
  118  8:19  Stalker x2  
  119  9:00  Stalker x8  
Show
View Real Time Build Order
Export as new Build Order

wallfacer Zerg 

Build Orders: Hatch First 

Get SALT Encoding   

  12  0:01  Drone  
  13  0:12  Overlord  
  13  0:17  Drone  
  14  0:30  Drone x2  
  14  0:34  Drone  
  17  0:52  Hatchery  
  17  0:55  Drone  
  17  1:08  Spawning Pool  
  16  1:11  Drone  
  17  1:32  Hatchery  
  16  1:34  Drone  
  16  1:38  Drone  
  18  1:40  Drone  
  18  1:45  Drone  
  20  1:54  Queen  
  22  2:03  Queen  
  22  2:05  Zergling x2  
  25  2:10  Overlord  
  25  2:13  Drone  
  26  2:16  Drone  
  26  2:19  Drone  
  28  2:29  Drone x2  
  30  2:33  Queen  
  32  2:39  Queen  
  32  2:42  Drone  
  32  2:43  Drone  
  36  2:49  Queen  
  37  2:55  Overlord  
  37  2:57  Zergling x2  
  37  2:58  Zergling x2  
  39  3:01  Zergling x2  
  39  3:02  Zergling x2  
  39  3:04  Zergling x2  
  42  3:16  Drone x6  
  42  3:18  Drone  
  49  3:20  Drone  
  49  3:23  Extractor  
  49  3:25  Extractor  
  48  3:28  Drone x2  
  50  3:36  Overlord  
  50  3:50  Drone  
  49  3:55  Drone  
  49  3:56  Drone x4  
  49  3:58  Drone  
  54  4:06  Overlord x3  
  54  4:07  Drone x2  
  54  4:08  Drone  
  57  4:10  Roach Warren  
  57  4:13  Drone  
  57  4:16  Spore Crawler  
  56  4:17  Spore Crawler  
  56  4:18  Drone, Spore Crawler  
  56  4:22  Drone x2  
  57  4:25  Drone x2  
  57  4:28  Metabolic Boost  
  59  4:36  Zergling x6  
  59  4:39  Zergling x4  
  59  4:40  Zergling x2  
  62  4:50  Zergling x2  
  61  4:53  Drone x5  
  61  4:58  Spore Crawler  
  65  5:02  Roach  
  67  5:10  Drone x5  
  71  5:19  Drone x5  
  71  5:20  Drone  
  71  5:22  Overlord  
  70  5:32  Overlord  
  70  5:36  Overlord  
  70  5:37  Drone x7  
  77  5:44  Lair  
  77  5:46  Extractor x2  
  77  5:48  Drone  
  77  5:49  Drone x3  
  79  5:53  Drone  
  79  5:54  Extractor x2  
  79  5:55  Evolution Chamber  
  78  5:57  Drone  
  78  6:00  Drone x6  
  84  6:05  Overlord  
  84  6:15  Overlord  
  83  6:19  Overlord  
  83  6:20  Overlord  
  83  6:22  Overlord x3, Zerg Melee Weapons Level 1  
  83  6:23  Overlord  
  83  6:32  Hatchery  
  83  6:38  Roach x6  
  91  6:40  Zergling x2  
  91  6:41  Zergling x2  
  91  6:47  Drone  
  94  6:49  Glial Reconstitution  
  94  6:50  Spire  
  94  6:51  Overseer  
  94  6:53  Roach x2  
  97  6:59  Zergling x12  
  103  7:08  Zergling x14  
  105  7:10  Ravager x5  
  105  7:12  Zergling x2  
  105  7:14  Zergling x2  
  117  7:19  Zergling x2  
  117  7:24  Zergling x2  
  117  7:27  Roach x5  
  117  7:29  Ravager  
  130  7:30  Ravager, Zergling x6  
  130  7:34  Zergling x6  
  134  7:39  Zergling x2  
  134  7:40  Zergling x2  
  125  7:51  Zergling x2  
  125  7:52  Zergling x6  
  125  7:57  Zergling x2  
  125  7:58  Zergling x14  
  123  8:05  Zergling x6  
  116  8:10  Zergling x2  
  106  8:13  Zergling x10  
  96  8:21  Zergling x4  
  96  8:23  Mutalisk  
  96  8:24  Roach x3  
  96  8:25  Queen  
  94  8:30  Roach x6  
  93  8:38  Zergling x2  
  93  8:40  Zergling x4  
  87  8:46  Zergling x2  

Tags
 
Add a new tag
Caveats
  • Supply blocks, unpowered buildings, or Contaminate may cause inaccurate times.
  • Supply counts are checked every 10 seconds.